PAA
TACOMA FUR TRADERS @ ASHEVILLE HIGHLANDERS
06/09/2030
 
TOP OF THE 1ST
Tacoma Fur Traders batting - Pitching for Asheville Highlanders : RHP Manuel Sánchez
Pitching: RHP Manuel Sánchez
Batting: RHB Sherman N'Dir 0-0: Swinging Strike
0-1: Foul Ball, location: 2F
0-2: Strikes out swinging
Batting: RHB Roberto Aguirre 0-0: Ball
1-0: Called Strike
1-1: Ball
2-1: Foul Ball, location: 2F
2-2: Ball
3-2: Base on Balls
Batting: RHB Gustavo González 0-0: Ball
1-0: Foul Ball, location: 2F
1-1: Ball
2-1: Called Strike
2-2: Ball
3-2: Base on Balls
Roberto Aguirre to second
Batting: LHB Yao-pang Chiang 0-0: Swinging Strike
0-1: Foul Ball, location: 2F
0-2: Strikes out looking
Batting: RHB Chad Silander 0-0: Ball
1-0: Ball
2-0: Ball
3-0: Base on Balls
Roberto Aguirre to third
Gustavo González to second
Batting: SHB Dave Gant 0-0: Ball
1-0: Foul Ball, location: 2F
1-1: Ball
2-1: Swinging Strike
2-2: Foul Ball, location: 2F
2-2: Foul Ball, location: 2F
2-2: Ball
3-2: Base on Balls
Roberto Aguirre scores
Gustavo González to third
Chad Silander to second
Batting: RHB Mike Lipide 0-0: Foul Ball, location: 2F
0-1: DOUBLE (Line Drive, 78D)
Gustavo González scores
Chad Silander scores
Dave Gant to third
Runner from 3rd tries for Home, SAFE, no throw
Batting: RHB David Tineo 0-0: Ball
1-0: Foul Ball, location: 2F
1-1: Ball
2-1: SINGLE (Line Drive, 7S)
Mike Lipide to third
Runner from 3rd tries for Home, SAFE, no throw
Batting: RHB Bill Perkins 0-0: Ball
1-0: Called Strike
1-1: Foul Ball, location: 2F
1-2: Strikes out looking
Top of the 1st over - 5 runs, 2 hits, 0 errors, 1 left on base; Tacoma 5 - Asheville 0
BOTTOM OF THE 1ST
Asheville Highlanders batting - Pitching for Tacoma Fur Traders : LHP Manuel Paílla
Pitching: LHP Manuel Paílla
Batting: RHB Víctor Hernández 0-0: SINGLE (Groundball, 6D)
Batting: RHB Yves Girard 0-0: Called Strike
0-1: Ball
1-1: Ball
2-1: Grounds into double play, 5-4-3 (Groundball, 56)
Batting: RHB Craig Tricket 0-0: Called Strike
0-1: Ground out 6-3 (Groundball, 6)
Bottom of the 1st over - 0 runs, 1 hit, 0 errors, 0 left on base; Tacoma 5 - Asheville 0
TOP OF THE 2ND
Tacoma Fur Traders batting - Pitching for Asheville Highlanders : RHP Manuel Sánchez
Batting: RHB Sherman N'Dir 0-0: Called Strike
0-1: Fly out, F4 (Popup, 4MS)
Batting: RHB Roberto Aguirre 0-0: Ground out U3 (Groundball, 34)
Batting: RHB Gustavo González 0-0: Ball
1-0: Ball
2-0: Ball
3-0: Base on Balls
Batting: LHB Yao-pang Chiang 0-0: Ball
1-0: Ball
2-0: 2-RUN HOME RUN (Flyball, 7D), Distance : 397 ft
Batting: RHB Chad Silander 0-0: Swinging Strike
0-1: Ball
1-1: Ball
2-1: Foul Ball, location: 2F
2-2: Ball
3-2: Base on Balls
Batting: SHB Dave Gant 0-0: Called Strike
0-1: Called Strike
0-2: Strikes out swinging
Top of the 2nd over - 2 runs, 1 hit, 0 errors, 1 left on base; Tacoma 7 - Asheville 0
BOTTOM OF THE 2ND
Asheville Highlanders batting - Pitching for Tacoma Fur Traders : LHP Manuel Paílla
Batting: RHB Dan Parkinson 0-0: Foul Ball, location: 2F
0-1: Ball
1-1: Swinging Strike
1-2: Ball
2-2: Strikes out swinging
Batting: SHB Juan Carlos Santos 0-0: Ball
1-0: Called Strike
1-1: Foul Ball, location: 2F
1-2: Ground out 6-3 (Groundball, 6)
Batting: LHB Jordan Westacott 0-0: Ground out 6-3 (Groundball, 6)
Bottom of the 2nd over - 0 runs, 0 hits, 0 errors, 0 left on base; Tacoma 7 - Asheville 0
TOP OF THE 3RD
Tacoma Fur Traders batting - Pitching for Asheville Highlanders : RHP Manuel Sánchez
Batting: RHB Mike Lipide 0-0: Ball
1-0: Ball
2-0: Foul Ball, location: 2F
2-1: Ball
3-1: Called Strike
3-2: Foul Ball, location: 2F
3-2: Strikes out swinging
Batting: RHB David Tineo 0-0: SOLO HOME RUN (Flyball, 7D), Distance : 392 ft
Pitching: RHP Julián Menchaca
Batting: RHB Bill Perkins 0-0: Called Strike
0-1: Ball
1-1: Ball
2-1: Swinging Strike
2-2: Strikes out swinging
Batting: RHB Sherman N'Dir 0-0: Ball
1-0: SINGLE (Groundball, 6D)
Batting: RHB Roberto Aguirre 0-0: Ball
1-0: Foul Ball, location: 2F
1-1: Called Strike
1-2: Ball
Wild Pitch!
Sherman N'Dir to second
2-2: Foul Ball, location: 2F
2-2: Fly out, F8 (Flyball, 8RM)
Top of the 3rd over - 1 run, 2 hits, 0 errors, 1 left on base; Tacoma 8 - Asheville 0
BOTTOM OF THE 3RD
Asheville Highlanders batting - Pitching for Tacoma Fur Traders : LHP Manuel Paílla
Batting: LHB Pedro Gutiérrez 0-0: Called Strike
0-1: Ball
1-1: Fly out, F8 (Flyball, 8RD)
Batting: RHB Jarred Cobb 0-0: Ground out 1-3 (Groundball, 15)
Batting: LHB Félix Calixto 0-0: Foul Ball, location: 2F
0-1: Ball
1-1: Foul Ball, location: 2F
1-2: Ground out 6-3 (Groundball, 6)
Bottom of the 3rd over - 0 runs, 0 hits, 0 errors, 0 left on base; Tacoma 8 - Asheville 0
TOP OF THE 4TH
Tacoma Fur Traders batting - Pitching for Asheville Highlanders : RHP Julián Menchaca
Batting: RHB Gustavo González 0-0: Ball
1-0: Foul Ball, location: 2F
1-1: Swinging Strike
1-2: Ball
2-2: Strikes out looking
Batting: LHB Yao-pang Chiang 0-0: Foul Ball, location: 2F
0-1: Ball
1-1: Foul Ball, location: 2F
1-2: Foul Ball, location: 2F
1-2: Foul Ball, location: 2F
1-2: Strikes out swinging
Batting: RHB Chad Silander 0-0: Called Strike
0-1: Fly out, F6 (Popup, 4MD)
Top of the 4th over - 0 runs, 0 hits, 0 errors, 0 left on base; Tacoma 8 - Asheville 0
BOTTOM OF THE 4TH
Asheville Highlanders batting - Pitching for Tacoma Fur Traders : LHP Manuel Paílla
Batting: RHB Víctor Hernández 0-0: Ball
1-0: SINGLE (Line Drive, 56)
Batting: RHB Yves Girard 0-0: Swinging Strike
0-1: Ball
1-1: Swinging Strike
1-2: Foul Ball, location: 2F
1-2: Ball
2-2: Strikes out swinging
Batting: RHB Craig Tricket 0-0: Foul Ball, location: 2F
0-1: Ball
1-1: Foul Ball, location: 2F
1-2: SINGLE (Line Drive, 5D)
Víctor Hernández to second
Batting: RHB Dan Parkinson 0-0: Ball
Víctor Hernández steals 3rd base
1-0: Called Strike
1-1: Foul Ball, location: 2F
1-2: Fly out, F8 (Flyball, 8LM)
Runner from 3rd tags up, SCORES, throw made
Batting: SHB Juan Carlos Santos 0-0: Fielders Choice at 2nd, 6-4 (Groundball, 6)
Bottom of the 4th over - 1 run, 2 hits, 0 errors, 1 left on base; Tacoma 8 - Asheville 1
TOP OF THE 5TH
Tacoma Fur Traders batting - Pitching for Asheville Highlanders : RHP Julián Menchaca
Batting: SHB Dave Gant 0-0: Ball
1-0: Called Strike
1-1: Ball
2-1: SINGLE (Groundball, 6MD)
Batting: RHB Mike Lipide 0-0: Ball
1-0: Ball
2-0: SINGLE (Line Drive, 4M)
Dave Gant to second
Batting: RHB David Tineo 0-0: Swinging Strike
0-1: Foul Ball, location: 2F
0-2: SINGLE (Line Drive, 5)
Dave Gant to third
Mike Lipide to second
Batting: RHB Bill Perkins 0-0: Ball
1-0: Foul Ball, location: 2F
1-1: Grounds into double play, 5-4-3 (Groundball, 56)
Dave Gant scores
Mike Lipide to third
Batting: RHB Sherman N'Dir 0-0: Called Strike
0-1: Foul Ball, location: 2F
0-2: Ground out 1-3 (Groundball, 15)
Top of the 5th over - 1 run, 3 hits, 0 errors, 1 left on base; Tacoma 9 - Asheville 1
BOTTOM OF THE 5TH
Asheville Highlanders batting - Pitching for Tacoma Fur Traders : LHP Manuel Paílla
Batting: LHB Jordan Westacott 0-0: Called Strike
0-1: Ball
1-1: Swinging Strike
1-2: Ball
2-2: Ball
3-2: Fly out, F6 (Popup, 6)
Batting: LHB Pedro Gutiérrez 0-0: Ball
1-0: Called Strike
1-1: Ground out 4-3 (Groundball, 4)
Batting: RHB Jarred Cobb 0-0: SOLO HOME RUN (Flyball, 7LD), Distance : 368 ft
Batting: LHB Félix Calixto 0-0: Called Strike
0-1: Swinging Strike
0-2: Ball
1-2: Foul Ball, location: 2F
1-2: Strikes out swinging
Bottom of the 5th over - 1 run, 1 hit, 0 errors, 0 left on base; Tacoma 9 - Asheville 2
TOP OF THE 6TH
Tacoma Fur Traders batting - Pitching for Asheville Highlanders : RHP Julián Menchaca
Batting: RHB Roberto Aguirre 0-0: Called Strike
0-1: Ball
1-1: Foul Ball, location: 2F
1-2: Ball
2-2: Ball
3-2: Foul Ball, location: 2F
3-2: Base on Balls
Pitching: RHP Francisco Castillo
Batting: RHB Gustavo González 0-0: Ball
1-0: Ball
2-0: Swinging Strike
2-1: Ball
3-1: Base on Balls
Roberto Aguirre to second
Batting: LHB Yao-pang Chiang 0-0: Called Strike
0-1: Ball
1-1: Called Strike
1-2: Foul Ball, location: 2F
1-2: SINGLE (Groundball, 3D)
Roberto Aguirre to third
Gustavo González to second
Runner from 3rd tries for Home, SAFE, no throw
Batting: RHB Chad Silander 0-0: Foul Ball, location: 2F
0-1: Ball
1-1: Ball
2-1: Called Strike
2-2: Strikes out swinging
Batting: SHB Dave Gant 0-0: Ball
1-0: Foul Ball, location: 2F
1-1: Fly out, F9 (Flyball, 9)
Batting: RHB Mike Lipide 0-0: Swinging Strike
0-1: Ball
1-1: SINGLE (Line Drive, 4MD)
Gustavo González to third
Yao-pang Chiang to second
Runner from 3rd tries for Home, SAFE, no throw
Batting: RHB David Tineo 0-0: Ball
1-0: DOUBLE (Line Drive, 8LD)
Yao-pang Chiang scores
Mike Lipide to third
Runner from 3rd tries for Home, SAFE, no throw
Batting: RHB Bill Perkins 0-0: Foul Ball, location: 2F
0-1: Foul Ball, location: 2F
0-2: Ball
1-2: Foul Ball, location: 2F
1-2: Ball
2-2: Fly out, F8 (Flyball, 8LM)
Top of the 6th over - 4 runs, 3 hits, 0 errors, 1 left on base; Tacoma 13 - Asheville 2
BOTTOM OF THE 6TH
Asheville Highlanders batting - Pitching for Tacoma Fur Traders : LHP Manuel Paílla
Batting: RHB Víctor Hernández 0-0: SINGLE (Groundball, 6) (infield hit)
Batting: RHB Yves Girard 0-0: Fly out, F6 (Line Drive, 6)
Batting: RHB Craig Tricket 0-0: Foul Ball, location: 2F
0-1: Called Strike
0-2: Ball
1-2: Foul Ball, location: 2F
1-2: Foul Ball, location: 2F
1-2: Ball
2-2: SINGLE (Line Drive, 7S)
Víctor Hernández to second
Batting: RHB Dan Parkinson 0-0: Foul Ball, location: 2F
0-1: Ball
1-1: SINGLE (Groundball, 6MD)
Víctor Hernández to third
Craig Tricket to second
Runner from 3rd tries for Home, SAFE, no throw
Batting: SHB Juan Carlos Santos 0-0: Ball
1-0: Foul Ball, location: 2F
1-1: SINGLE (Line Drive, 6)
Craig Tricket to third
Dan Parkinson to second
Batting: RHB Mario Jacome 0-0: Called Strike
0-1: Ball
1-1: Called Strike
1-2: Ball
2-2: Foul Ball, location: 2F
2-2: Strikes out looking
Batting: LHB Pedro Gutiérrez 0-0: Foul Ball, location: 2F
0-1: SINGLE (Groundball, 34D)
Craig Tricket scores
Dan Parkinson to third
Juan Carlos Santos to second
Runner from 3rd tries for Home, SAFE, throw made home
Pitching: LHP Francisco Bojórquez
Batting: RHB Jarred Cobb 0-0: Fly out, F9 (Flyball, 9LMF)
Bottom of the 6th over - 3 runs, 5 hits, 0 errors, 2 left on base; Tacoma 13 - Asheville 5
TOP OF THE 7TH
Tacoma Fur Traders batting - Pitching for Asheville Highlanders : RHP Francisco Castillo
Now in CF: Mario Jacome
Batting: RHB Sherman N'Dir 0-0: Ball
1-0: Ball
2-0: Foul Ball, location: 2F
2-1: Called Strike
2-2: Ball
3-2: Foul Ball, location: 2F
3-2: Foul Ball, location: 2F
3-2: Strikes out swinging
Batting: RHB Roberto Aguirre 0-0: Swinging Strike
0-1: Ball
1-1: Foul Ball, location: 2F
1-2: Foul Ball, location: 2F
1-2: Strikes out swinging
Batting: RHB Gustavo González 0-0: Foul Ball, location: 2F
0-1: Called Strike
0-2: Ball
1-2: Ball
2-2: Ball
3-2: Fly out, F8 (Flyball, 8LS)
Top of the 7th over - 0 runs, 0 hits, 0 errors, 0 left on base; Tacoma 13 - Asheville 5
BOTTOM OF THE 7TH
Asheville Highlanders batting - Pitching for Tacoma Fur Traders : LHP Francisco Bojórquez
Batting: LHB Félix Calixto 0-0: Ball
1-0: Ball
2-0: Ball
3-0: Foul Ball, location: 2F
3-1: SINGLE (Flyball, 89S)
Batting: RHB Víctor Hernández 0-0: Ball
1-0: Ball
2-0: Swinging Strike
2-1: Ball
3-1: Base on Balls
Félix Calixto to second
Batting: RHB Yves Girard 0-0: Foul Ball, location: 2F
0-1: Fly out, F7 (Line Drive, 7D)
Runner from 2nd tags up, SAFE at 3rd, no throw
Batting: RHB Craig Tricket 0-0: Fielders Choice at 2nd, 4-6 (Groundball, 4)
Félix Calixto scores
Batting: RHB Dan Parkinson 0-0: Fielders Choice at 2nd, 6-4 (Groundball, 6)
Bottom of the 7th over - 1 run, 1 hit, 0 errors, 1 left on base; Tacoma 13 - Asheville 6
TOP OF THE 8TH
Tacoma Fur Traders batting - Pitching for Asheville Highlanders : RHP Francisco Castillo
Batting: LHB Yao-pang Chiang 0-0: Ball
1-0: Ground out 3-1 (Groundball, 34S)
Batting: RHB Chad Silander 0-0: Foul Ball, location: 2F
0-1: Foul Ball, location: 2F
0-2: Fly out, F8 (Line Drive, 8LD)
Batting: SHB Dave Gant 0-0: Ball
1-0: Fly out, F7 (Flyball, 7S)
Top of the 8th over - 0 runs, 0 hits, 0 errors, 0 left on base; Tacoma 13 - Asheville 6
BOTTOM OF THE 8TH
Asheville Highlanders batting - Pitching for Tacoma Fur Traders : LHP Francisco Bojórquez
Now in RF: Ricardo Sandoval
Batting: SHB Juan Carlos Santos 0-0: Ball
1-0: Ball
2-0: Swinging Strike
2-1: Swinging Strike
2-2: Strikes out looking
Batting: RHB Mario Jacome 0-0: Swinging Strike
0-1: Ball
1-1: Ground out 6-3 (Groundball, 6)
Batting: LHB Pedro Gutiérrez 0-0: Foul Ball, location: 2F
0-1: Ball
1-1: Ball
2-1: Fly out, F2 (Popup, 25F)
Bottom of the 8th over - 0 runs, 0 hits, 0 errors, 0 left on base; Tacoma 13 - Asheville 6
TOP OF THE 9TH
Tacoma Fur Traders batting - Pitching for Asheville Highlanders : RHP Francisco Castillo
Batting: RHB Mike Lipide 0-0: Ball
1-0: Ball
2-0: Called Strike
2-1: Foul Ball, location: 2F
2-2: Foul Ball, location: 2F
2-2: Ball
3-2: Base on Balls
Pitching: RHP Augusto Deleón
Batting: RHB David Tineo 0-0: Ball
Mike Lipide steals 2nd base
1-0: Ball
2-0: Ball
Wild Pitch!
Mike Lipide to third
3-0: Called Strike
3-1: Foul Ball, location: 2F
3-2: Base on Balls
Batting: RHB Bill Perkins 0-0: Ball
1-0: Foul Ball, location: 2F
1-1: Called Strike
1-2: Foul Ball, location: 2F
1-2: Strikes out swinging
Batting: RHB Sherman N'Dir 0-0: Ball
1-0: Ball
2-0: Called Strike
2-1: Ball
3-1: Called Strike
3-2: Fly out, F4 (Line Drive, 4M)
Batting: RHB Roberto Aguirre 0-0: Ball
1-0: Called Strike
1-1: Ball
David Tineo is caught stealing 2nd base
Top of the 9th over - 0 runs, 0 hits, 0 errors, 1 left on base; Tacoma 13 - Asheville 6
BOTTOM OF THE 9TH
Asheville Highlanders batting - Pitching for Tacoma Fur Traders : LHP Francisco Bojórquez
Batting: RHB Jarred Cobb 0-0: Ball
1-0: Ground out 4-3 (Groundball, 4M)
Batting: LHB Félix Calixto 0-0: Ground out 4-3 (Groundball, 4)
Batting: RHB Víctor Hernández 0-0: Ball
1-0: Swinging Strike
1-1: Ground out 6-3 (Groundball, 6)
Bottom of the 9th over - 0 runs, 0 hits, 0 errors, 0 left on base; Tacoma 13 - Asheville 6
Sunday, March 18th, 2018 - OOTP Baseball 18.8 Build 76